cohdb
Replays
Latest Replays
All Replays
Popular Replays
Top Player Replays
Match Explorer
How It Works
Community
CoH3 Stats
Reddit
Sign in to upload your games and track your stats! →
Sign in with Steam
Match 23093137
Unlisted
Match 23093137
Overview
Messages
Build Orders
End
Selects Australian Defense Battlegroup
Selects Australian Light Infantry Section
Australian Light Infantry Section
Royal Engineer Section
Australian Light Infantry Section
Construct Section Command Post
Construct Platoon Command Post
Humber Armored Car
Selects 2-pounder Anti-tank Gun Team
Humber Armored Car
Vickers Machine Gun Team
SneaKerz
nightowll
0
0
Comments
sign in to comment!
No comments posted yet!